 Dungeon Crawl Stone Soup version 0.27.0-1-g7a08968 (webtiles) character file.

Game seed: 12123270310910099738

7580 GeorgeSoros the Destroyer (level 10, -1/63 HPs)
             Began as a Demonspawn Hedge Wizard on Aug 12, 2021.
             Was a Priest of Hepliaklqana.
             Killed from afar by a lindwurm (34 damage)
             ... with a blast of flame
             ... on level 2 of the Lair of Beasts on Aug 13, 2021.
             The game lasted 00:45:09 (14567 turns).

GeorgeSoros the Destroyer (DsWz)                   Turns: 14567, Time: 00:45:09

Health: -1/63      AC:  8    Str: 10    XL:     10   Next: 97%
Magic:  8/14       EV: 14    Int: 20    God:    Hepliaklqana [***...]
Gold:   590        SH:  5    Dex: 15    Spells: 3/15 levels left

rFire    . . .     SeeInvis .   A - +5 trident
rCold    + . .     Faith    .   (no shield)
rNeg     . . .     Spirit   .   b - +0 robe
rPois    .         Reflect  +   c - +0 hat
rElec    .         Harm     .   m - +1 cloak {rCorr}
rCorr    +         Rampage  .   v - +0 pair of gloves
Will     .....                  (no boots)
Stlth    ++........             x - amulet of the Devil's Advocate {Reflect Dex+3 SH+5}
HPRegen  0.20/turn              B - ring of protection from cold
MPRegen  0.14/turn              (no ring)

@: no status effects
A: reduced essence, hooves 1, spiny 2, sharp scales 3
a: Renounce Religion, Recall Ancestor, Ancestor Identity, Transference


You were on level 2 of the Lair of Beasts.
You worshipped Hepliaklqana.
Hepliaklqana was most pleased with you.
You visited 3 branches of the dungeon, and saw 11 of its levels.

You collected 590 gold pieces.

Inventory:

Hand Weapons
 a - a +0 dagger
 f - a +2 dagger of venom
 q - a +0 spear of venom
 A - a +5 trident (weapon)
Armour
 b - a +0 robe (worn)
 c - a +0 hat (worn)
 m - a +1 cloak of preservation (worn)
 v - a +0 pair of gloves (worn)
Jewellery
 x - the amulet of the Devil's Advocate (around neck) {Reflect Dex+3 SH+5}
   (You acquired it on level 7 of the Dungeon)

   [amulet of reflection]

   It reflects blocked missile attacks.
   Dex:       It affects your dexterity (+3).
   SH:        It affects your SH (+5).
 B - a ring of protection from cold (left hand)
Wands
 n - a wand of flame (24)
 s - a wand of paralysis (7)
 y - a wand of polymorph (8)
Scrolls
 d - 6 scrolls of teleportation
 j - a scroll of fear
 r - 2 scrolls of amnesia
 t - a scroll of fog
 u - 3 scrolls of holy word
 z - 2 scrolls of immolation
Potions
 e - 4 potions of lignification
 g - 3 potions of brilliance
 h - 3 potions of flight
 i - 2 potions of curing
 k - a potion of berserk rage
 l - 4 potions of heal wounds
 o - 2 potions of magic
 p - a potion of mutation {unknown}
 w - a potion of might {unknown}


   Skills:
 - Level 4.0 Fighting
 - Level 4.0 Armour
 - Level 5.0 Dodging
 - Level 1.7 Stealth
 - Level 3.0 Spellcasting
 + Level 9.3 Conjurations
 - Level 4.3 Summonings
 - Level 5.0 Translocations
 - Level 5.0 Air Magic
 - Level 5.5 Poison Magic
 + Level 5.3 Invocations
 - Level 1.2 Evocations


You had 3 spell levels left.
You knew the following spells:

 Your Spells              Type           Power      Damage    Failure   Level
a - Magic Dart            Conj           100%       1d8       1%          1
b - Blink                 Tloc           N/A        N/A       2%          2
c - Call Imp              Summ           20%        N/A       3%          2
d - Mephitic Cloud        Conj/Pois/Air  29%        N/A       2%          3
e - Iskenderun's Mystic   Conj/Tloc      31%        2d8       8%          4

Your spell library contained the following spells:

 Spells                   Type           Power      Damage    Failure   Level
 Poisonous Vapours        Pois/Air       48%        N/A       2%          2
 Gell's Gravitas          Tloc           11%        N/A       5%          3
 Lesser Beckoning         Tloc           11%        N/A       5%          3
 Teleport Other           Tloc           23%        N/A       5%          3
 Conjure Flame            Conj/Fire      21%        6-21      6%          3
 Dazzling Flash           Conj/Hex       42%        N/A       6%          3
 Slow                     Hex            3%         N/A       22%         2
 Sublimation of Blood     Necr           1%         N/A       22%         2
 Passage of Golubria      Tloc           N/A        N/A       19%         4
 Irradiate                Conj/Tmut      10%        3d16      50%         5
 Alistair's Intoxication  Tmut/Pois      9%         N/A       77%         5
 Petrify                  Tmut/Erth      3%         N/A       80%         4
 Starburst                Conj/Fire      10%        8x6d5     97%         6
 Malign Gateway           Summ/Tloc      10%        N/A       100%        7


Dungeon Overview and Level Annotations

Branches:
Dungeon (8/15)             Temple (1/1) D:5            Lair (2/6) D:8
  Swamp: Lair:2-4    Shoals: Lair:2-4     Snake: Lair:2-4    Spider: Lair:2-4

Altars:
Ashenzari
Dithmenos
Elyvilon
Fedhas
Gozag
Hepliaklqana
Kikubaaqudgha
Makhleb
Nemelex Xobeh
Qazlal
Ru
Sif Muna
Uskayaw
Vehumet
Xom
Yredelemnul
Zin
The Shining One

Shops:
D:3 [   D:5 *

Annotations:
D:3 Natasha


Innate Abilities, Weirdness & Mutations

Your life essence is reduced to manifest your ancestor. (-10% HP)
You have large cloven feet.
You are mostly covered in sharp spines.
You are completely covered in razor-sharp scales. (AC +3, Slay +3)


Message History

You could not reach far enough!
Ku-aya hits the basilisk with a +0 flail!
The basilisk dies!
l - 3 potions of heal wounds (gained 1)
l - 4 potions of heal wounds (gained 1)
You now have 549 gold pieces (gained 19).
You now have 573 gold pieces (gained 24).
You now have enough gold to buy the +6 leather armour of the Valley {Stlth+} on D:3.
You can access your shopping list by pressing '$'.
You now have 590 gold pieces (gained 17).
g - 3 potions of brilliance (gained 1)
You swap places.
A lindwurm comes into view.
Found a leather armour.
A lindwurm is nearby!
The lindwurm roars!
A lindwurm comes into view.
The magic dart hits the lindwurm but does no damage.
A lindwurm comes into view. x2
The magic dart hits the lindwurm but does no damage.
The lindwurm roars!
The magic dart hits the lindwurm but does no damage.
The magic dart hits the lindwurm but does no damage.
The lindwurm breathes flames at you. The blast of flame hits you!!
Ku-aya barely misses the lindwurm.
The magic dart hits the lindwurm.
The lindwurm is lightly wounded.
Ku-aya avoids your attack.
The magic dart hits the lindwurm.
The lindwurm is lightly wounded.
Ku-aya hits the lindwurm with a +0 flail!
Ku-aya avoids your attack.
The magic dart hits the lindwurm but does no damage.
The lindwurm is moderately wounded.
Ku-aya barely misses the lindwurm.
The lindwurm breathes flames at you.
The blast of flame hits Ku-aya.
Ku-aya resists.
The blast of flame hits you!!
Ouch! That really hurt!
You die...

#...#..... #
....###.#... #.
P..## ###### ...##
##..#.
##....###......
#... ..#.......
..###.......≈≈
#.##....§§≈≈≈≈
##.#...@§≈§≈§§§
#......≈§§§§≈≈§
######....≈≈≈§≈≈≈§§
≈≈≈§..
#...#.....≈§§R≈§§..
≈≈≈≈≈§..
#........≈≈≈≈≈kk§##
..≈≈≈≈≈.
#.#####..§≈≈≈§kk##
.≈§§§≈. #.##
#.§.≈§§§..#.=
§.§≈§≈. #..#
#§§≈≈≈≈≈.##[=
#§≈≈§§§ #..#
#..≈§§§§.## #.≈≈§§§


You could see the friendly Ku-aya the knight and 3 lindwurms.

Vanquished Creatures
  A hydra (Lair:1)
  Grinder (D:4)
  4 blink frogs (Lair:2)
  A wraith (D:8)
  2 wyverns
  3 water moccasins
  2 orc warriors
  2 sky beasts
  5 wolves (Lair:2)
  An ogre (D:5)
  A kobold brigand (D:7)
  2 bullfrogs
  2 scorpions
  A water moccasin zombie (D:7)
  A wyvern zombie (D:7)
  6 wights
  3 howler monkeys (D:8)
  2 centaur zombies (D:7)
  A bullfrog zombie (D:7)
  2 gnoll shamans
  3 orc priests
  Crazy Yiuf (D:3)
  A centaur skeleton (D:7)
  Jessica (D:3)
  4 iguanas
  Natasha (D:3)
  2 orc wizards
  3 killer bee zombies
  2 ancestors (D:8)
  A howler monkey zombie (D:6)
  11 gnolls
  A howler monkey skeleton (D:7)
  4 adders
  A shadow imp (D:6)
  2 worms
  2 dart slugs
  19 orcs
  8 ball pythons
  6 bats
  A bat zombie (D:1)
  9 endoplasms
  3 giant cockroaches
  11 hobgoblins
  4 jackals (D:1)
  12 kobolds
  3 quokkas
  8 goblins
  A jackal zombie (D:1)
  4 rats
172 creatures vanquished.

Vanquished Creatures (collateral kills)
  3 cane toads
  2 komodo dragons (D:8)
  A hornet (D:7)
  2 basilisks
  A black bear (D:8)
  An ice beast (D:8)
  4 wolves (Lair:2)
  A centaur (D:5)
  A bullfrog (D:8)
  A howler monkey (D:8)
  6 wights
  A centaur zombie (D:7)
  An iguana (D:6)
  A killer bee zombie (D:8)
  An adder (D:6)
  An orc (D:7)
28 creatures vanquished.

Vanquished Creatures (others)
  3 ancestors (D:8)
  6 fungi
  12 plants
21 creatures vanquished.

Grand Total: 221 creatures vanquished

Notes
Turn   | Place    | Note
-------+----------+-------------------------------------------
     0 | D:1      | GeorgeSoros the Demonspawn Hedge Wizard began the quest for
                  | the Orb.
     0 | D:1      | Reached XP level 1. HP: 13/13 MP: 4/4
   280 | D:1      | Gained mutation: You are partially covered in sharp spines.
                  | [demonic ancestry]
   280 | D:1      | Reached XP level 2. HP: 10/20 MP: 3/6
   584 | D:1      | Reached skill level 1 in Fighting
   707 | D:1      | Found a faded altar of an unknown god.
  1019 | D:1      | Learned a level 2 spell: Blink
  1022 | D:1      | Learned a level 2 spell: Call Imp
  1429 | D:1      | Gained mutation: You are partially covered in razor-sharp
                  | scales. (AC +1, Slay +1) [demonic ancestry]
  1429 | D:1      | Reached XP level 3. HP: 26/26 MP: 3/7
  1649 | D:1      | Reached skill level 2 in Conjurations
  2711 | D:3      | Noticed Natasha
  2717 | D:3      | Killed Natasha
  2718 | D:3      | Gained mutation: You are mostly covered in sharp spines.
                  | [demonic ancestry]
  2718 | D:3      | Reached XP level 4. HP: 30/33 MP: 1/8
  2924 | D:3      | Found a runed translucent door.
  2925 | D:3      | Noticed Crazy Yiuf
  2950 | D:3      | Noticed Natasha
  2985 | D:3      | Found Vafeq's Armour Emporium.
  3356 | D:3      | Reached skill level 1 in Armour
  3429 | D:3      | Noticed Jessica
  3437 | D:3      | Killed Jessica
  3448 | D:3      | Reached XP level 5. HP: 15/38 MP: 9/9
  3856 | D:3      | Reached skill level 3 in Conjurations
  4363 | D:3      | Found a radiant altar of Vehumet.
  4363 | D:3      | Found a shimmering altar of Xom.
  4513 | D:3      | Killed Crazy Yiuf
  4789 | D:4      | Noticed Grinder
  4800 | D:3      | Reached XP level 6. HP: 33/44 MP: 10/10
  4907 | D:4      | Killed Grinder
  4908 | D:4      | Reached skill level 4 in Conjurations
  5294 | D:4      | Gained mutation: You are mostly covered in razor-sharp
                  | scales. (AC +2, Slay +2) [demonic ancestry]
  5294 | D:4      | Reached XP level 7. HP: 41/49 MP: 6/11
  5605 | D:4      | Learned a level 3 spell: Mephitic Cloud
  6253 | D:5      | Entered Level 5 of the Dungeon
  6407 | D:5      | Found Qoacoqum's General Store.
  6562 | D:5      | Found a blossoming altar of Fedhas.
  6629 | D:5      | Reached skill level 1 in Air Magic
  6629 | D:5      | Reached skill level 1 in Poison Magic
  7271 | D:5      | Found a staircase to the Ecumenical Temple.
  7281 | Temple   | Entered the Ecumenical Temple
  7354 | Temple   | Became a worshipper of Hepliaklqana the Forgotten
  7765 | D:5      | Reached skill level 5 in Conjurations
  7765 | D:5      | Gained mutation: You are completely covered in razor-sharp
                  | scales. (AC +3, Slay +3) [demonic ancestry]
  7765 | D:5      | Reached XP level 8. HP: 48/55 MP: 7/12
  9265 | D:7      | Noticed a hornet
  9286 | D:7      | Killed a hornet
  9287 | D:7      | Reached skill level 6 in Conjurations
  9843 | D:7      | Reached * piety under Hepliaklqana
  9864 | D:7      | Identified a scroll of acquirement
  9864 | D:7      | Acquired the amulet of the Devil's Advocate {Reflect Dex+3
                  | SH+5}
 10051 | D:7      | Gained mutation: You have large cloven feet. [demonic
                  | ancestry]
 10051 | D:7      | Reached XP level 9. HP: 52/54 MP: 13/13
 10081 | D:7      | Found a basalt altar of Yredelemnul.
 10920 | D:8      | Reached skill level 5 in Poison Magic
 10961 | D:7      | Reached skill level 7 in Conjurations
 11290 | D:8      | Reached skill level 5 in Air Magic
 11425 | D:8      | Found a burning altar of Makhleb.
 11426 | D:8      | Found a sacrificial altar of Ru.
 11427 | D:8      | Found a broken altar of Ashenzari.
 11578 | D:8      | Found a staircase to the Lair.
 11807 | D:8      | Reached skill level 1 in Translocations
 12022 | D:8      | Reached ** piety under Hepliaklqana
 12023 | D:8      | Remembered your ancestor Ku-aya as a knight
 12031 | D:8      | Reached skill level 1 in Evocations
 12418 | Lair:1   | Entered Level 1 of the Lair of Beasts
 12465 | Lair:1   | Noticed a komodo dragon
 12470 | Lair:1   | Noticed a komodo dragon
 12480 | D:8      | Killed a komodo dragon
 12546 | D:8      | Killed a komodo dragon
 12547 | D:8      | Reached XP level 10. HP: 18/63 MP: 3/14
 12776 | Lair:1   | Noticed a four-headed hydra
 12786 | Lair:1   | Killed a four-headed hydra
 12787 | Lair:1   | Reached skill level 8 in Conjurations
 12799 | Lair:1   | Learned a level 4 spell: Iskenderun's Mystic Blast
 13207 | Lair:1   | Noticed a cane toad
 13218 | Lair:1   | Killed a cane toad
 13219 | Lair:1   | Reached skill level 5 in Dodging
 13325 | Lair:1   | Noticed a cane toad
 13332 | Lair:1   | Killed a cane toad
 13333 | Lair:1   | Reached skill level 1 in Invocations
 13788 | Lair:2   | Noticed a cane toad
 13794 | Lair:2   | Killed a cane toad
 13991 | Lair:2   | Got the Tome of Quantum Poisoning
 14010 | Lair:2   | Reached *** piety under Hepliaklqana
 14104 | Lair:2   | Reached skill level 9 in Conjurations
 14104 | Lair:2   | Reached skill level 5 in Translocations
 14318 | Lair:2   | Reached skill level 5 in Invocations
 14559 | Lair:2   | Noticed a lindwurm
 14560 | Lair:2   | Noticed a lindwurm
 14561 | Lair:2   | Noticed a lindwurm
 14561 | Lair:2   | Noticed a lindwurm
 14567 | Lair:2   | Killed from afar by a lindwurm

Illustrated notes

Levels and vault maps discovered:
D:1:      saegor_arrival_fortress, layout_loops_cross,
          dreamdust_ecumenical_altar_grove, minmay_crystal_water
D:2:      layout_basic, due_unseen_surprise
D:3:      layout_basic, gammafunk_temple_overflow_elements, serial_shops, shop,
          grunt_ministairs_15, minmay_misc_feat_enclosed, uniq_natasha,
          uniq_jessica, uniq_crazy_yiuf_cottage
D:4:      layout_cave_pools, uniq_grinder
D:5:      layout_loops_ring, mainiacjoe_overflow_paths,
          minmay_temple_entry_enclosed_plants, serial_shops, shop_statue,
          water_boxes_lemuel
D:6:      layout_basic, nicolae_tso_carved_into_rock
D:7:      layout_basic, nicolae_yredelemnul_corpse_copse, minmay_hedge_maze
D:8:      layout_basic, chequers_temple_overflow_statue_of_worship,
          dpeg_oklobed_lair, kennysheep_generic_room_4
Temple:   dshaligram_water_room_temple
Lair:1:   layout_cave_pods
Lair:2:   layout_cave_pods, minmay_lindwurm_lava

Skill      XL: |  1  2  3  4  5  6  7  8  9 10 |
---------------+-------------------------------+-----
Fighting       | 1 3 4 |  4.0
Conjurations   | 2 3 4 5 6 7 9 |  9.3
Summonings     | 2 3 4 |  4.3
Armour         | 1 2 3 4 |  4.0
Air Magic      | 2 4 5 |  5.0
Poison Magic   | 2 4 5 |  5.5
Dodging        | 2 4 5 |  5.0
Translocations | 2 5 |  5.0
Evocations     | 1 |  1.2
Invocations    | 5 |  5.3
Stealth        | |  1.7
Spellcasting   | |  3.0

Action                   |  1- 3 |  4- 6 |  7- 9 | 10-12 || total
-------------------------+-------+-------+-------+-------++-------
Melee: Dagger            |    48 |    63 |   150 |       ||   261
       Kick              |       |       |    19 |     8 ||    27
       Trident           |       |       |     6 |    41 ||    47
 Cast: Magic Dart        |    99 |    64 |   157 |    24 ||   344
       Blink             |     2 |       |     6 |     1 ||     9
       Call Imp          |       |       |    17 |       ||    17
       Mephitic Cloud    |       |       |    15 |     2 ||    17
Invok: Recall Ancestor   |       |       |     2 |       ||     2
       Ancestor Life: Kn |       |       |     1 |       ||     1
  Use: Scroll            |     4 |     3 |    10 |     2 ||    19
 Stab: Sleeping          |     1 |     1 |     1 |       ||     3
       Confused          |       |       |     5 |       ||     5
       Distracted        |       |       |     1 |       ||     1
Armor: Robe              |    10 |     3 |    41 |     4 ||    58
Dodge: Dodged            |    26 |    28 |    93 |    32 ||   179
Block: Other             |       |       |    22 |     4 ||    26
       Reflection        |       |       |     1 |       ||     1
